 Dungeon Crawl Stone Soup version 0.21.0 (webtiles) character file.

65 mortelune the Firebug (level 3, -5/28 HPs)
             Began as a Draconian Fire Elementalist on Jan 6, 2018.
             Slain by a worker ant (6 damage)
             ... on level 3 of the Dungeon.
             The game lasted 00:08:13 (3564 turns).

mortelune the Firebug (Draconian Fire Elementalist) Turns: 3564, Time: 00:08:14

Health: -5/28      AC:  8    Str: 15    XL:     3   Next: 94%
Magic:  6/6        EV: 12    Int: 16    God:
Gold:   38         SH:  0    Dex: 11    Spells: 1/7 levels left

rFire    . . .     SeeInvis .   c - +0 dagger
rCold    . . .     Gourm    .   (no shield)
rNeg     . . .     Faith    .   (armour unavailable)
rPois    .         Spirit   .   (helmet restricted)
rElec    .         Reflect  .   d - +2 cloak
rCorr    .         Harm     .   (no gloves)
MR       .....                  (no boots)
Stlth    ++........             (no amulet)
HPRegen  0.09/turn              (no ring)
MPRegen  0.10/turn              (no ring)

@: mighty, lethally poisoned (-5 -> -10), flying
A: unfitting armour, cold-blooded, AC +5
a: no special abilities


You were on level 3 of the Dungeon.
You were not hungry.

You visited 1 branch of the dungeon, and saw 3 of its levels.

You collected 38 gold pieces.

Inventory:

Hand Weapons
 c - a +0 dagger (weapon)
 j - a +4 short sword
Armour
 d - a +2 cloak (worn)
 p - a cursed +0 buckler
Scrolls
 f - 2 scrolls of remove curse {unknown}
 g - a scroll of enchant weapon {unknown}
 h - 2 scrolls of identify {unknown}
 m - a scroll of amnesia {unknown}
 n - a scroll of noise {unknown}
 o - 2 scrolls of enchant armour {unknown}
 q - a scroll of blinking {unknown}
Potions
 i - a potion of flight
Books
 a - a book of Flames

   Spells                             Type                      Level
   a - Flame Tongue                   Conjuration/Fire             1
   b - Throw Flame                    Conjuration/Fire             2
   c - Conjure Flame                  Conjuration/Fire             3
   d - Inner Flame                    Hexes/Fire                   3
   e - Sticky Flame                   Conjuration/Fire             4
   f - Fireball                       Conjuration/Fire             5
Comestibles
 b - a ration
 k - 5 chunks of flesh


   Skills:
 + Level 1.5 Fighting
 - Level 1.7 Dodging
 - Level 1.7 Stealth
 + Level 2.5 Spellcasting
 * Level 2.4 Conjurations
 + Level 3.4 Fire Magic


You had one spell level left.
You knew the following spells:

 Your Spells              Type           Power        Failure   Level  Hunger
a - Flame Tongue          Conj/Fire      ##...        6%          1    #......
b - Throw Flame           Conj/Fire      ##....       9%          2    ##.....
c - Conjure Flame         Conj/Fire      ##......     17%         3    ###....


Dungeon Overview and Level Annotations

Branches:
Dungeon (3/15)

Altars:
Xom

Annotations:
D:1 exclusion: downstairs
D:2 1 runed door, Sigmund


Innate Abilities, Weirdness & Mutations

Your plain brown scales are hard. (AC +5)
You cannot fit into any form of body armour.
You are cold-blooded and may be slowed by cold attacks.


Message History

You feel sick.
You feel sick. The worker ant bites you.
* * * LOW HITPOINT WARNING * * *
The orc suddenly curses.
The orc hits you with a club.
* * * LOW HITPOINT WARNING * * *
It was a potion of flight.
You feel very buoyant.
You fly up into the air.
* * * LOW HITPOINT WARNING * * *
You feel sick. The worker ant bites you.
* * * LOW HITPOINT WARNING * * *
It was a potion of magic.
Magic courses through your body. The orc closely misses you.
The worker ant closely misses you.
It was a potion of might.
You feel very mighty all of a sudden.
* * * LOW HITPOINT WARNING * * *
You feel sick. The worker ant bites you.
You die...

#.......# .######.#.#+#.#
.............<# #####
#.#####.#.#.#.# #...####..#
#.#.#.#.# #.........#
#.#.#.#.# #.........#
#.#.#...#
########.........####.#.#####
...............a@.)...#..
#.......#......o.####.###
#.......+................
#†......######....###.###
%.###+### #.....##.#
........# #.....##.#
.$......# #.....##.#
........# #.....# .#
..####### ####.....##


You could see a worker ant and an orc.

Vanquished Creatures
  2 adders (D:2)
  An ooze (D:1)
  A worm (D:2)
  A dart slug (D:1)
  An orc (D:3)
  4 giant cockroaches (D:1)
  3 goblins (D:1)
  3 hobgoblins
  A quokka (D:3)
  5 bats (D:1)
  3 frilled lizards
  7 kobolds
  7 rats
  A fungus (D:2)
40 creatures vanquished.

Notes
Turn   | Place    | Note
-------+----------+-------------------------------------------
     0 | D:1      | mortelune the Draconian Fire Elementalist began the quest for the Orb.
     0 | D:1      | Reached XP level 1. HP: 14/14 MP: 3/3
   390 | D:1      | Reached XP level 2. HP: 13/22 MP: 0/5
   515 | D:1      | Learned a level 2 spell: Throw Flame
  1484 | D:1      | Reached skill level 1 in Fighting
  2257 | D:2      | Reached XP level 3. HP: 28/28 MP: 3/6
  2692 | D:2      | Learned a level 3 spell: Conjure Flame
  2988 | D:2      | Noticed Sigmund
  3151 | D:2      | Found a shimmering altar of Xom.
  3196 | D:2      | Found a runed door.
  3562 | D:3      | HP: 1/28 [worker ant (1)]
  3564 | D:3      | Slain by a worker ant

Skill      XL: |  1  2 |
---------------+-------+-----
Fighting       | 1 |  1.5
Conjurations   | 2 |  2.4
Dodging        | |  1.7
Stealth        | |  1.7
Spellcasting   | |  2.5
Fire Magic     | |  3.4

Action                   || total
-------------------------++-------
Melee: Unarmed           ||    10
       Dagger            ||    61
       Tailslap          ||     9
 Cast: Flame Tongue      ||    76
       Throw Flame       ||     3
  Use: Potion            ||     3
  Eat: Chunk             ||     7
       Ration            ||     1
Armor: Skin              ||    24
Dodge: Dodged            ||    57
